 Dungeon Crawl Stone Soup version 0.28.0-62-gf88900778d (webtiles) character file.

Game seed: 9484851209783697839

410 cbfl8 the Chopper (level 6, -18/55 HPs)
             Began as a Minotaur Fighter on Sept 14, 2023.
             Demolished by Pikel
             ... wielding a +0 whip of electrocution
              (19 damage)
             ... on level 3 of the Dungeon.
             The game lasted 00:02:59 (3302 turns).

cbfl8 the Chopper (Minotaur Fighter)                Turns: 3302, Time: 00:03:00

Health: -18/55     AC: 13    Str: 21    XL:     6   Next: 58%
Magic:  5/5        EV:  7    Int:  5    God:
Gold:   131        SH:  4    Dex: 11    Spells: 5/5 levels left

rFire   . . .      SeeInvis .   a - +0 war axe
rCold   . . .      Faith    .   c - +0 buckler
rNeg    . . .      Spirit   .   l - +0 chain mail
rPois   .          Reflect  .   r - +1 hat
rElec   .          Harm     .   k - +0 cloak
rCorr   .          Rampage  .   (no gloves)
Will    +....                   q - +0 pair of boots {Fly}
Stlth   ..........              (no amulet)
HPRegen 0.18/turn               f - ring of willpower
MPRegen 0.09/turn               (no ring)

@: flying
A: horns 2, retaliatory headbutt
a: no special abilities


You were on level 3 of the Dungeon.
You visited 1 branch of the dungeon, and saw 4 of its levels.

You collected 131 gold pieces.

Inventory:

Hand Weapons
 a - a +0 war axe (weapon)
Armour
 c - a +0 buckler (worn)
 k - a +0 cloak (worn)
 l - a +0 chain mail (worn)
 q - a +0 pair of boots of flying (worn)
 r - a +1 hat (worn)
Jewellery
 f - a ring of willpower (left hand)
Scrolls
 b - a scroll of brand weapon {unknown}
 g - a scroll of identify
 j - a scroll of enchant weapon
 o - a scroll of magic mapping {unknown}
Potions
 e - a potion of ambrosia {unknown}
 h - a potion of invisibility {unknown}
 i - a potion of mutation {unknown}
 m - a potion of berserk rage {unknown}
 n - a potion of curing {unknown}
 p - a potion of lignification {unknown}
 s - a potion of magic {unknown}
 t - a potion of cancellation {unknown}


   Skills:
 + Level 4.8 Fighting
 + Level 5.4 Axes
 + Level 5.0 Armour
 + Level 4.3 Shields
 * Level 2.6 Evocations


You had 5 spell levels left.
You didn't know any spells.
Your spell library contained the following spells:

 Spells                   Type           Power      Damage    Failure   Level
 Portal Projectile        Hex/Tloc       0%         N/A       100%        3
 Blade Hands              Tmut           0%         N/A       100%        5
 Excruciating Wounds      Necr           0%         N/A       100%        5
 Borgnjor's Revivificati  Necr           0%         N/A       100%        8
 Necromutation            Tmut/Necr      0%         N/A       100%        8
 Death's Door             Necr           0%         N/A       100%        9


Dungeon Overview and Level Annotations

Branches:
Dungeon (4/15)
 Temple: D:4-7

Altars:

Annotations:
D:3 Pikel
D:4 Dowan


Innate Abilities, Weirdness & Mutations

You have a pair of horns on your head.
You reflexively headbutt those who attack you in melee.


Message History

You hit Pikel.
Pikel is lightly wounded.
You hit the lemure but do no damage. The lemure hits you but does no damage.
Pikel hits you with a +0 whip of electrocution.
Unknown command.
You hit Pikel but do no damage.
Pikel is lightly wounded.
You closely miss the lemure. The lemure hits you but does no damage.
Pikel hits you but does no damage.
Unknown command.
You hit Pikel.
Pikel is moderately wounded.
You hit the lemure. You block the lemure's attack.
Pikel hits you but does no damage.
You are electrocuted!
The lemure barely misses you.
You barely miss Pikel.
Pikel is moderately wounded.
You barely miss the lemure.
Pikel hits you with a +0 whip of electrocution.
The lemure hits you but does no damage.
Pikel hits you with a +0 whip of electrocution.
You completely miss Pikel. Your headbutt misses Pikel.
Pikel is moderately wounded.
You barely miss the lemure. You block the lemure's attack.
Pikel hits you but does no damage.
You are electrocuted!!
* * * LOW HITPOINT WARNING * * *
Unknown command.
You slash Pikel!
Pikel is moderately wounded.
You slash the lemure! The lemure hits you.
* * * LOW HITPOINT WARNING * * *
Pikel barely misses you.
As you read the scroll labelled VILIBYSIEX, it crumbles to dust.
It is a scroll of identify.
j - a scroll of enchant weapon You block the lemure's attack.
Pikel hits you with a +0 whip of electrocution.
* * * LOW HITPOINT WARNING * * *
You are electrocuted!!
You die...

##### #.... ########## #....
#........### #....
#.........5####### #####
#..........@K....##########.
#.........######............
#########.# ############.
#.###### #. #......#### #.
######....## #.
#....####..## #.
#...........##### #.
#....#####......###.


You could see Pikel and a lemure.

Vanquished Creatures
  Duvessa (D:4)
  A jelly (D:4)
  Ijyb (D:4)
  Natasha (thrice) (D:2)
  An orc wizard (D:4)
  Terence (D:2)
  2 hound skeletons
  Robin (D:2)
  2 adders
  A dart slug (D:2)
  9 orcs
  2 ball pythons (D:1)
  9 endoplasms
  2 giant cockroaches
  3 hobgoblins
  3 jackals (D:1)
  6 kobolds
  A quokka (D:1)
  7 bats
  5 frilled lizards
  13 goblins
  6 rats
80 creatures vanquished.

Notes
Turn   | Place    | Note
-------+----------+-------------------------------------------
     0 | D:1      | cbfl8 the Minotaur Fighter began the quest for the Orb.
     0 | D:1      | Reached XP level 1. HP: 19/19 MP: 0/0
   310 | D:1      | Reached XP level 2. HP: 27/27 MP: 1/1
   609 | D:1      | Reached XP level 3. HP: 33/33 MP: 2/2
   997 | D:2      | Noticed Terence
   999 | D:2      | Found a faded altar of an unknown god.
  1006 | D:2      | Killed Terence
  1007 | D:2      | Reached skill level 1 in Evocations
  1193 | D:2      | Noticed Robin
  1208 | D:2      | Reached XP level 4. HP: 5/41 MP: 3/3
  1209 | D:2      | Killed Robin
  1639 | D:2      | Noticed Natasha
  1647 | D:2      | Killed Natasha
  1883 | D:2      | Reached XP level 5. HP: 47/47 MP: 4/4
  2245 | D:2      | Noticed Natasha
  2254 | D:2      | Killed Natasha
  2331 | D:2      | Noticed Natasha
  2343 | D:2      | Killed Natasha
  2895 | D:4      | Reached XP level 6. HP: 47/53 MP: 5/5
  2962 | D:4      | Noticed Ijyb
  2966 | D:4      | Noticed Duvessa
  2972 | D:4      | Killed Ijyb
  2972 | D:4      | Noticed Dowan
  2973 | D:4      | Reached skill level 5 in Axes
  2978 | D:4      | Killed Duvessa
  2979 | D:4      | Reached skill level 5 in Armour
  2988 | D:4      | Noticed Pikel
  3301 | D:3      | HP: 2/55 [lemure[Pikel] (6)]
  3302 | D:3      | Demolished by Pikel

Illustrated notes

Levels and vault maps discovered:
D:1:      wander_arrival_desolate, layout_loops_corners
D:2:      layout_basic, chequers_ecumenical_altar_simple, wad_floor_pattern_1,
          hangedman_abyss_or_decor_stabs, hangedman_glass_garden,
          minmay_between, uniq_natasha, uniq_robin, uniq_terence
D:3:      layout_rooms
D:4:      layout_basic, nicolae_gozag_seed_capital, uniq_edmund, uniq_pikel,
          uniq_duvessa, uniq_ijyb

Skill      XL: |  1  2  3  4  5  6 |
---------------+-------------------+-----
Fighting       | 4 |  4.8
Shields        | 4 |  4.3
Axes           | 3 4 5 |  5.4
Armour         | 4 5 |  5.0
Evocations     | 1 2 |  2.6

Action                   |  1- 3 |  4- 6 || total
-------------------------+-------+-------++-------
Melee: War axe           |    67 |    98 ||   165
       Headbutt          |     9 |    14 ||    23
  Use: Scroll            |       |     1 ||     1
       Potion            |       |     1 ||     1
Armor: Scale mail        |    12 |       ||    12
       Chain mail        |    25 |    48 ||    73
Dodge: Dodged            |    24 |    26 ||    50
Block: Buckler           |    20 |    19 ||    39
